 Dungeon Crawl Stone Soup version 0.27-a0-1181-g5f64966fcc (webtiles) character file.

Game seed: 9875941930815875266

105 leviel the Covered (level 4, -8/41 HPs)
             Began as a Minotaur Fighter on May 17, 2021.
             Mangled by an orc warrior
             ... wielding a +0 flail
              (13 damage)
             ... on level 3 of the Dungeon.
             The game lasted 00:02:38 (1210 turns).

leviel the Covered (Minotaur Fighter)               Turns: 1210, Time: 00:02:38

Health: -8/41      AC: 12    Str: 21    XL:     4   Next: 53%
Magic:  3/3        EV:  4    Int:  5    God:
Gold:   37         SH:  9    Dex: 10    Spells: 3/3 levels left

rFire    . . .     SeeInvis .   a - +0 war axe
rCold    . . .     Faith    .   c - +0 kite shield
rNeg     . . .     Spirit   .   e - +0 plate armour
rPois    .         Reflect  .   (helmet restricted)
rElec    .         Harm     .   (no cloak)
rCorr    .         Rampage  .   (no gloves)
Will     .....                  (no boots)
Stlth    ..........             (no amulet)
HPRegen  0.13/turn              (no ring)
MPRegen  0.08/turn              (no ring)

@: mighty
A: horns 2, retaliatory headbutt
a: no special abilities


You were on level 3 of the Dungeon.
You visited 1 branch of the dungeon, and saw 3 of its levels.

You collected 37 gold pieces.

Inventory:

Hand Weapons
 a - a +0 war axe (weapon)
 b - a +0 hunting sling
Missiles
 f - 33 sling bullets
 m - 8 atropa-tipped darts (quivered)
Armour
 c - a +0 kite shield (worn)
 e - a +0 plate armour (worn)
Scrolls
 i - a scroll of enchant armour {unknown}
 l - a scroll of vulnerability {unknown}
 p - a scroll of amnesia {unknown}
 q - a scroll of brand weapon {unknown}
Potions
 g - a potion of degeneration {unknown}
 h - a potion of heal wounds {unknown}
 j - a potion of invisibility {unknown}
 k - a potion of flight {unknown}
 n - a potion of curing {unknown}
 o - a potion of haste {unknown}


   Skills:
 + Level 4.3 Fighting
 * Level 3.8 Axes
 + Level 0.3 Slings
 + Level 4.5 Armour
 + Level 4.3 Shields


You had 3 spell levels left.
You didn't know any spells.
Your spell library was empty.

Dungeon Overview and Level Annotations

Branches:
Dungeon (3/15)

Altars:


Innate Abilities, Weirdness & Mutations

You have a pair of horns on your head.
You reflexively headbutt those who attack you in melee.


Message History

The gnoll hits you but does no damage.
The gnoll shouts!
You feel very mighty all of a sudden. You block the gnoll's attack.
The gnoll hits you with a +0 spear.
You barely miss the gnoll. You headbutt the gnoll!
The gnoll is heavily wounded.
You block the gnoll's attack. The gnoll hits you but does no damage.
You hit the gnoll.
The gnoll is almost dead.
The gnoll hits you with a +0 spear.
You barely miss the gnoll.
The gnoll is almost dead.
You block the gnoll's attack. The gnoll hits you but does no damage.
You closely miss the gnoll.
The gnoll is almost dead.
You block the gnoll's attack.
You barely miss the gnoll.
The gnoll is almost dead.
You block the gnoll's attack. The gnoll barely misses you.
You slash the gnoll!
You kill the gnoll!
The gnoll hits you from afar with a +0 spear.
You block the orc warrior's attack.
You slash the orc warrior!
The orc warrior is heavily wounded.
The orc warrior hits you with a +0 flail!
The gnoll hits you but does no damage.
You slash the orc warrior!
The orc warrior is almost dead.
The gnoll hits you from afar with a +0 spear.
The orc warrior hits you with a +0 flail.
The orc warrior hits you with a +0 flail!
* * * LOW HITPOINT WARNING * * *
The gnoll hits you from afar with a +0 spear.
* * * LOW HITPOINT WARNING * * *
You closely miss the orc warrior.
The orc warrior is almost dead.
The orc warrior hits you with a +0 flail!
You die...

#############
#..@o.g.)...##
#.########...##
# ##.....##
##.......##
#.o.......# ##
#..)......# #.
#.........###.
###g...(........
#...#.....#####.


You could see an orc warrior and a gnoll.

Vanquished Creatures
  A jelly (D:2)
  2 gnolls (D:3)
  A worm (D:2)
  3 dart slugs
  3 orcs (D:3)
  2 ball pythons (D:2)
  4 endoplasms
  A giant cockroach (D:3)
  2 goblins (D:2)
  4 hobgoblins
  4 kobolds
  3 quokkas
  3 bats
  2 frilled lizards
  4 rats
39 creatures vanquished.

Notes
Turn   | Place    | Note
-------+----------+-------------------------------------------
     0 | D:1      | leviel the Minotaur Fighter began the quest for the Orb.
     0 | D:1      | Reached XP level 1. HP: 19/19 MP: 0/0
   387 | D:1      | You fall into a shaft and drop 1 floor!
   391 | D:2      | Reached XP level 2. HP: 27/27 MP: 1/1
   427 | D:2      | Found a faded altar of an unknown god.
   429 | D:2      | Reached XP level 3. HP: 31/33 MP: 2/2
   920 | D:2      | Reached XP level 4. HP: 40/40 MP: 3/3
  1174 | D:3      | Noticed an orc warrior
  1210 | D:3      | Mangled by an orc warrior

Illustrated notes

Levels and vault maps discovered:
D:1:      dpeg_arrival_pits, layout_basic
D:2:      layout_basic, basic_ecumenical_altar, nrook_campfire
D:3:      layout_loops_ring, minmay_goblin_kobold_house

Skill      XL: |  1  2 |
---------------+-------+-----
Fighting       | 4 |  4.3
Axes           | 3 |  3.8
Armour         | 4 |  4.5
Shields        | 4 |  4.3
Slings         | |  0.3

Action                   |  1- 3 |  4- 6 || total
-------------------------+-------+-------++-------
Melee: War axe           |    45 |    17 ||    62
       Headbutt          |     4 |     3 ||     7
 Fire: Hunting sling     |    12 |    34 ||    46
  Use: Potion            |       |     1 ||     1
Armor: Plate armour      |    30 |    21 ||    51
       Scale mail        |     3 |       ||     3
Dodge: Dodged            |    11 |     8 ||    19
Block: Kite shield       |    24 |    23 ||    47

Table legend: (Time is in decaauts)
 A = Elapsed time spent in this place.
 B = Non-inter-level travel time spent in this place.
 C = Inter-level travel time spent in this place.
 D = Time resting spent in this place.
 E = Time spent auto-exploring this place.
 F = Levels seen in this place.
 G = Mean time per level.
                   A        B        C        D        E       F      G
               +--------+--------+--------+--------+--------+-----+--------+
         Total |   1261 |   1240 |     21 |      0 |    951 |   3 |  420.3 |
       Dungeon |   1261 |   1240 |     21 |      0 |    951 |   3 |  420.3 |
               +--------+--------+--------+--------+--------+-----+--------+

Top non-repeatable levels by time:
     D:2: 655 daAuts
     D:1: 393 daAuts
     D:3: 211 daAuts
